 Dungeon Crawl Stone Soup version 0.28.0-43-g3370ac3207 (webtiles) character file.

Game seed: 2179393325767692164

695 croobank the Sneak (level 7, -12/45 HPs)
             Began as an Octopode Fire Elementalist on Mar 27, 2022.
             Killed by nerve-wracking pain
             ... invoked by an orc priest
              (13 damage)
             ... on level 5 of the Dungeon.
             The game lasted 00:15:16 (5436 turns).

croobank the Sneak (Octopode Fire Elementalist)     Turns: 5436, Time: 00:15:17

Health: -12/45     AC:  1    Str:  8    XL:     7   Next: 64%
Magic:  8/11       EV: 14    Int: 19    God:
Gold:   158        SH:  5    Dex: 12    Spells: 5/12 levels left

rFire   . . .      SeeInvis .   a - +1 quarterstaff (spect)
rCold   . . .      Faith    .   (shield currently unavailable)
rNeg    . . .      Spirit   .   (helmet restricted)
rPois   .          Reflect  +   v - amulet of reflection
rElec   .          Harm     .   (no ring)
rCorr   .          Rampage  .   (no ring)
Will    .....                   (no ring)
Stlth   ++++......              (no ring)
HPRegen 0.15/turn               (no ring)
MPRegen 0.12/turn               (no ring)
                                (no ring)
                                (no ring)

@: no status effects
A: almost no armour, amphibious, 8 rings, camouflage 1, gelatinous body 1,
(nimble swimmer 1), tentacles
a: no special abilities


You were on level 5 of the Dungeon.
You visited 1 branch of the dungeon, and saw 5 of its levels.

You collected 158 gold pieces.

Inventory:

Hand Weapons
 a - a +1 spectral quarterstaff (weapon)
 b - a +0 hand crossbow
 t - a +0 great sword
Missiles
 c - 65 stones
 d - 3 throwing nets
 i - 32 arrows
 j - 55 sling bullets
 q - 14 poisoned darts (quivered)
Jewellery
 v - an amulet of reflection (around mantle)
Wands
 k - a wand of digging (8)
Scrolls
 f - a scroll of fog {unknown}
 g - a scroll of teleportation
 n - a scroll of noise {unknown}
 s - a scroll of holy word {unknown}
 u - 2 scrolls of immolation {unknown}
 x - a scroll of summoning {unknown}
Potions
 e - a potion of heal wounds
 h - 2 potions of lignification
 l - a potion of invisibility
 m - 3 potions of curing
 o - a potion of attraction
 p - 3 potions of degeneration
 r - a potion of mutation {unknown}


   Skills:
 + Level 2.6 Fighting
 + Level 2.5 Staves
 + Level 3.7 Dodging
 + Level 5.1 Stealth
 + Level 3.3 Spellcasting
 + Level 3.1 Conjurations
 + Level 4.2 Fire Magic


You had 5 spell levels left.
You knew the following spells:

 Your Spells              Type           Power      Damage    Failure   Level
a - Foxfire               Conj/Fire      68%        2x1d7     3%          1
b - Scorch                Fire           38%        2d7       3%          2
c - Flame Wave            Conj/Fire      17%        2d6       32%         4

Your spell library contained the following spells:

 Spells                   Type           Power      Damage    Failure   Level
 Conjure Flame            Conj/Fire      17%        6-21      10%         3
 Inner Flame              Hex/Fire       11%        N/A       19%         3
 Sublimation of Blood     Necr           3%         N/A       22%         2
 Wereblood                Tmut           3%         N/A       22%         2
 Cause Fear               Hex            1%         N/A       83%         4
 Summon Cactus Giant      Summ           1%         N/A       100%        6
 Summon Hydra             Summ           1%         N/A       100%        7
 Discord                  Hex            1%         N/A       100%        8


Dungeon Overview and Level Annotations

Branches:
Dungeon (5/15)
 Temple: D:4-7

Altars:
Dithmenos
Kikubaaqudgha
Wu Jian

Shops:
D:2 !


Innate Abilities, Weirdness & Mutations

You cannot wear most types of armour.
You are amphibious.
You can wear up to eight rings at the same time.
Your skin changes colour to match your surroundings (Stealth+).
Your rubbery body absorbs attacks. (AC +1, EV +1)
((You are camouflaged when in or above water. (Stealth+)))
You have tentacles for arms and can constrict up to eight enemies at once.


Message History

Flames lash the hound.
The hound is heavily wounded.
The hound's fire resistance burns away.
The foxfire hits the hound.
The hound is burned terribly!
The hound is heavily wounded.
The hound bites you.
You hit the hound. You grab the hound. You squeeze the hound.
You kill the hound!
You start resting.
Magic restored.
An orc priest comes into view. It is wielding a +0 club.
Casting: Scorch (safe; 3% risk of failure)
Confirm with . or Enter, or press ? or * to list all spells.
You conjure some foxfire!
The orc priest drinks a potion.
The orc priest seems to speed up.
The orc priest calls down the wrath of Beogh upon you.
Beogh smites you!
You hear a shout!
The foxfire hits the orc priest but does no damage.
The foxfire hits the orc priest.
The orc priest is lightly wounded.
Casting: Foxfire (safe; 3% risk of failure)
Confirm with . or Enter, or press ? or * to list all spells.
You conjure some foxfire!
The foxfire hits the orc priest.
The orc priest is moderately wounded.
The orc priest looks braver for a moment.
The foxfire hits the orc priest but does no damage.
The orc priest is moderately wounded.
The orc priest calls down the wrath of Beogh upon you.
Beogh smites you!
Casting: Foxfire (safe; 3% risk of failure)
Confirm with . or Enter, or press ? or * to list all spells.
You conjure some foxfire!
The orc priest mumbles some strange prayers to Beogh against you.
Pain shoots through your body!
* * * LOW HITPOINT WARNING * * *
The orc priest calls down the wrath of Beogh upon you.
Pain shoots through your body!
You die...

..........## .##
....###....#..#
##............##
#####...##....#
###.........
#...#.##.##.
#...#§vo.##
##.§v†....#
#.§@#........
#..>§#........
##...##.......
#.... .......
#...# ###..##
##### ... ..


You could see an orc priest (fast, ally target).

Vanquished Creatures
  2 black bears (D:4)
  An orc warrior (D:3)
  An orc priest (D:3)
  A hound (D:5)
  A centaur skeleton (D:3)
  A gnoll shaman (D:4)
  Ijyb (D:5)
  An orc wizard (D:3)
  11 gnolls
  3 adders
  3 worms
  3 dart slugs
  15 orcs
  4 ball pythons
  4 endoplasms
  6 giant cockroaches
  14 goblins
  9 hobgoblins
  5 jackals (D:1)
  A quokka (D:2)
  9 bats
  3 frilled lizards
  8 kobolds
  4 rats
111 creatures vanquished.

Vanquished Creatures (others)
  163 foxfires
163 creatures vanquished.

Grand Total: 274 creatures vanquished

Notes
Turn   | Place    | Note
-------+----------+-------------------------------------------
     0 | D:1      | croobank the Octopode Fire Elementalist began the quest for
                  | the Orb.
     0 | D:1      | Reached XP level 1. HP: 11/11 MP: 3/3
   111 | D:1      | Reached XP level 2. HP: 12/17 MP: 0/5
   120 | D:1      | Reached skill level 3 in Stealth
   124 | D:1      | Learned a level 2 spell: Scorch
   894 | D:1      | Reached XP level 3. HP: 21/21 MP: 3/6
  1335 | D:1      | Found a faded altar of an unknown god.
  1683 | D:2      | Found Rahuorol's Distillery.
  1792 | D:2      | Reached XP level 4. HP: 25/27 MP: 4/7
  2400 | D:2      | Reached skill level 1 in Fighting
  2615 | D:2      | Reached XP level 5. HP: 33/33 MP: 3/8
  3012 | D:2      | Reached skill level 1 in Staves
  3327 | D:3      | Noticed an orc warrior
  3378 | D:3      | Found an ornate altar of the Wu Jian Council.
  3535 | D:3      | Reached skill level 4 in Stealth
  3782 | D:2      | Learned a level 4 spell: Flame Wave
  3907 | D:2      | Reached XP level 6. HP: 27/38 MP: 5/10
  4212 | D:3      | Killed an orc warrior
  4317 | D:3      | Found an ancient bone altar of Kikubaaqudgha.
  4524 | D:3      | Identified the +0 ring mail "Kojaiz" {rPois Int+5 Dex+3}
  4602 | D:4      | Reached XP level 7. HP: 45/45 MP: 3/11
  4921 | D:4      | Reached skill level 5 in Stealth
  4979 | D:4      | Found a shadowy altar of Dithmenos.
  5331 | D:5      | Entered Level 5 of the Dungeon
  5342 | D:5      | Noticed Ijyb
  5351 | D:5      | Killed Ijyb
  5435 | D:5      | HP: 1/45 [orc priest/nerve-wracking pain (14)]
  5436 | D:5      | Killed from afar by an orc priest

Illustrated notes

Levels and vault maps discovered:
D:1:      heliophobic_arrival_ceremonial_halls, layout_basic,
          hellmonk_ecumenical_altar_crossroads
D:2:      layout_loops_ring, serial_shops, nicolae_shop_waterfront,
          serial_glass, glass_columns_b, glass_columns_a,
          roderic_serpentine_path
D:3:      layout_rooms, general_overflow_altar,
          mainiacjoe_overflow_cross_hatched
D:4:      layout_rooms, nicolae_dithmenos_shadow_blocks
D:5:      layout_cave_pools, minmay_overflow_temple_hex, uniq_ijyb, uniq_duvessa

Skill      XL: |  1  2  3  4  5  6  7 |
---------------+----------------------+-----
Stealth        | 3 4 5 |  5.1
Fighting       | 1 2 |  2.6
Conjurations   | 2 3 |  3.1
Staves         | 1 2 |  2.5
Dodging        | 3 |  3.7
Spellcasting   | 3 |  3.3
Fire Magic     | 4 |  4.2

Action                   |  1- 3 |  4- 6 |  7- 9 || total
-------------------------+-------+-------+-------++-------
Melee: Unarmed           |    13 |       |       ||    13
       Tentacles         |     7 |     6 |     3 ||    16
       Constrict         |     6 |     6 |     3 ||    15
       Quarterstaff      |     8 |    22 |     6 ||    36
Throw: Dart              |       |     2 |       ||     2
 Cast: Foxfire           |    40 |    40 |    16 ||    96
       Scorch            |     3 |    43 |     5 ||    51
  Use: Scroll            |       |     6 |     2 ||     8
       Potion            |       |     1 |       ||     1
 Stab: Sleeping          |     2 |       |     2 ||     4
Armor: Skin              |     2 |    10 |       ||    12
Dodge: Dodged            |    18 |    50 |     4 ||    72
